 Dungeon Crawl Stone Soup version 0.23-a0-49-gd9f7a49 (webtiles) character file.

39 Mgcat the Chopper (level 3, 0/31 HPs)
             Began as a Hill Orc Warper on Aug 7, 2018.
             Slain by a worm (5 damage)
             ... on level 2 of the Dungeon.
             The game lasted 00:02:24 (972 turns).

Mgcat the Chopper (Hill Orc Warper)                  Turns: 972, Time: 00:02:24

Health: 0/31       AC:  3    Str: 14    XL:     3   Next: 47%
Magic:  5/5        EV: 11    Int: 13    God:
Gold:   31         SH:  0    Dex: 10    Spells: 1/5 levels left

rFire    . . .     SeeInvis .   a - +0 hand axe
rCold    . . .     Gourm    .   (no shield)
rNeg     . . .     Faith    .   b - +0 leather armour
rPois    .         Spirit   .   (no helmet)
rElec    .         Reflect  .   (no cloak)
rCorr    .         Harm     .   (no gloves)
MR       .....                  (no boots)
Stlth    +.........             (no amulet)
HPRegen  0.10/turn              (no ring)
MPRegen  0.09/turn              (no ring)

@: lethally poisoned (0 -> -5)
A: no striking features
a: no special abilities


You were on level 2 of the Dungeon.
You were not hungry.

You visited 1 branch of the dungeon, and saw 2 of its levels.

You collected 31 gold pieces.

Inventory:

Hand Weapons
 a - a +0 hand axe (weapon)
Missiles
 e - 5 tomahawks of dispersal {=f}
Armour
 b - a +0 leather armour (worn)
Scrolls
 c - 2 scrolls of remove curse {unknown}
 d - a scroll of blinking {!r}
 i - 2 scrolls of magic mapping {unknown}
 j - a scroll of amnesia {unknown}
Potions
 g - 2 potions of heal wounds {unknown}
 k - 2 potions of might {unknown}
 l - a potion of curing {unknown}
Comestibles
 f - a ration
 h - a chunk of flesh {@w0}


   Skills:
 - Level 3.0 Fighting
 + Level 4.6 Axes
 - Level 0.8 Throwing
 - Level 1.1 Armour
 - Level 1.5 Dodging
 - Level 1.5 Spellcasting
 - Level 2.4 Translocations


You had one spell level left.
You knew the following spells:

 Your Spells              Type           Power        Failure   Level  Hunger
a - Blink                 Tloc           N/A          19%         2    ###....
b - Shroud of Golubria    Chrm/Tloc      #.........   30%         2    ###....

Your spell library contained the following spells:

 Spells                   Type           Power        Failure   Level  Hunger
 Teleport Other           Tloc           #.......     36%         3    ####...
 Passage of Golubria      Tloc           N/A          77%         4    #####..
 Gell's Gravitas          Tloc           #.........   36%         3    ####...
 Lesser Beckoning         Tloc           #.........   36%         3    ####...


Dungeon Overview and Level Annotations

Branches:
Dungeon (2/15)

Altars:

Annotations:
D:2 Sigmund


Message History

Found an escape hatch in the ceiling.
There is a stone staircase leading up here.
A jackal comes into view.
The jackal barks!
You hear a bark! x2
The jackal moves out of view.
A jackal comes into view.
You slash the jackal!
You kill the jackal!
The jackal bites you but does no damage.
The jackal closely misses you.
A jackal comes into view.
You closely miss the jackal. You closely miss the jackal. The jackal bites you.
The jackal bites you but does no damage.
The jackal bites you.
You closely miss the jackal. You hit the jackal.
The jackal completely misses you. The jackal bites you.
The jackal bites you but does no damage.
You hit the jackal.
You kill the jackal!
You hit the jackal. The jackal bites you.
You are too injured to fight recklessly!
You are too injured to fight recklessly!
You are too injured to fight recklessly!
You are too injured to fight recklessly!
You closely miss the jackal.
The jackal is moderately wounded.
The jackal misses you.
The jackal bites you but does no damage.
You closely miss the jackal.
The jackal is moderately wounded.
The jackal barely misses you.
You hit the jackal.
The jackal is almost dead.
The jackal closely misses you. The jackal bites you.
You hit the jackal.
You kill the jackal!
HP restored.
You butcher the jackal corpse.
h - 2 chunks of flesh {@w0} You see here a jackal skeleton. x2
Eating one of 2 chunks of flesh {@w0}.
You eat one of the 2 chunks of flesh {@w0}.
This raw flesh tastes terrible.
l - a golden potion A ball python comes into view.
The ball python hisses angrily.
An adder comes into view.
The adder hisses angrily.
The ball python barely misses you. The ball python grabs you.
The ball python constricts you.
You hit the ball python.
You kill the ball python!
A worm comes into view.
The adder closely misses you. The adder bites you.
You see here a ball python corpse.
You hit the adder.
The adder is lightly wounded.
The adder closely misses you.
Marking area around Sigmund as unsafe for travelling.
Sigmund the Dreaded comes into view.
He is wielding a scythe.
Sigmund shouts!
Unknown command.
Unknown command.
The adder bites you.
You hit the adder.
The adder is severely wounded.
The adder bites you.
You are poisoned.
The adder poisons you!
You miss the adder.
The adder is severely wounded.
You feel sick. The adder bites you.
You are more poisoned.
The adder poisons you! The adder bites you.
You hit the adder.
You kill the adder!
You feel sick.
You feel sick.
You feel sick.
You feel sick. Sigmund gestures at you while chanting.
You are confused.
You feel sick.
Unknown command.
Unknown command.
You're too confused to cast spells.
Unknown command.
Unknown command.
You bump into the rock wall.
You feel sick. Sigmund misses you.
You feel sick.
Sigmund hits you from afar with a scythe!
* * * LOW HITPOINT WARNING * * *
Sigmund says, "Now you see me, now you don't..."
Sigmund hits you but does no damage.
You're too confused to move!
You feel less confused.
* * * LOW HITPOINT WARNING * * *
You feel sick. The worm bites you.
You die...

#.# ##.....####.#.#
#.# #...........#.#
#@# ##.....######.#
#$# ##...........#
#.# ##..#########
#### #.# #..# .....
#.# #..#
......##.########..#
.......†...@@......#
...........w.......#
......##############
#####. #


You could see Sigmund and a worm.

Vanquished Creatures
  An adder (D:2)
  2 dart slugs (D:1)
  A giant cockroach (D:1)
  5 goblins (D:1)
  3 hobgoblins (D:1)
  3 jackals (D:2)
  A ball python (D:2)
  A bat (D:1)
  6 kobolds (D:1)
  2 rats (D:1)
25 creatures vanquished.

Notes
Turn   | Place    | Note
-------+----------+-------------------------------------------
     0 | D:1      | Mgcat the Hill Orc Warper began the quest for the Orb.
     0 | D:1      | Reached XP level 1. HP: 18/18 MP: 3/3
    38 | D:1      | Reached skill level 3 in Axes
    50 | D:1      | Reached XP level 2. HP: 15/25 MP: 4/4
    54 | D:1      | Learned a level 2 spell: Blink
    57 | D:1      | Learned a level 2 spell: Shroud of Golubria
   146 | D:1      | Reached skill level 3 in Fighting
   331 | D:1      | Reached skill level 4 in Axes
   512 | D:1      | Reached XP level 3. HP: 31/31 MP: 1/5
   957 | D:2      | Noticed Sigmund
   970 | D:2      | HP: 6/31 [Sigmund/scythe (11)]
   972 | D:2      | Slain by a worm

Vault maps used:
D:1:      evilmike_arrival_hilbert_curve, minmay_misc_feat_iff
D:2:      fedhas_altar_2, uniq_robin, uniq_sigmund

Skill      XL: |  1  2 |
---------------+-------+-----
Axes           | 3 4 |  4.6
Fighting       | 3 |  3.0
Throwing       | |  0.8
Armour         | |  1.1
Dodging        | |  1.5
Spellcasting   | |  1.5
Translocations | |  2.4

Action                   || total
-------------------------++-------
Melee: Hand axe          ||    64
 Cast: Shroud of Golubri ||     7
  Eat: Chunk             ||     1
Armor: Leather armour    ||    17
Dodge: Dodged            ||    44

Table legend:
 A = Spawn XP
 B = Non-spawn XP
 C = Spawn XP percentage of total XP
 D = Spawn monster count
 E = Non-spawn monster count
 F = Spawn count percentage of total count
 G = Total turns spent on level
                    A         B        C        D         E        F      G
               +---------+---------+-------+---------+---------+-------+---------
         Total |       0 |      57 |   0.0 |       0 |      25 |   0.0 |   972
               +---------+---------+-------+---------+---------+-------+---------
           D:1 |       0 |      37 |   0.0 |       0 |      20 |   0.0 |   857
           D:2 |       0 |      20 |   0.0 |       0 |       5 |   0.0 |   115
               +---------+---------+-------+---------+---------+-------+---------

Vault maps used:
D:1:      evilmike_arrival_hilbert_curve, minmay_misc_feat_iff
D:2:      fedhas_altar_2, uniq_robin, uniq_sigmund

Table legend:
 A = Turns spent in this place as a percentage of turns spent in the entire game.
 B = Non-inter-level travel turns spent in this place as a percentage of non-inter-level travel turns spent in the entire game.
 C = Inter-level travel turns spent in this place as a percentage of turns spent in this place.
 D = Turns resting spent in this place as a percentage of non-inter-level travel turns spent in this place.
 E = Turns spent auto-exploring this place as a percentage of non-inter-level travel turns spent in this place.
 F = Non-inter-level travel turns spent in this place divided by the number of levels of this place that you've seen.
                   A       B       C       D       E      F
               +-------+-------+-------+-------+-------+----------------------
         Total | 100.0 | 100.0 |   1.7 |   0.0 |  81.0 | 477.5
       Dungeon | 100.0 | 100.0 |   1.7 |   0.0 |  81.0 | 477.5
               +-------+-------+-------+-------+-------+----------------------

Table legend:
 A = Kills in this place as a percentage of kills in entire the game.
 B = Kills by you in this place as a percentage of kills by you in the entire game.
 C = Kills by friends in this place as a percentage of kills by friends in the entire game.
 D = Other kills in this place as a percentage of other kills in the entire game.
 E = Experience gained in this place as a percentage of experience gained in the entire game.
 F = Experience gained in this place divided by the number of levels of this place that you have seen.
                   A       B       C       D       E      F
               +-------+-------+-------+-------+-------+----------------------
         Total | 100.0 | 100.0 |   N/A |   N/A | 100.0 |  28.5
       Dungeon | 100.0 | 100.0 |   N/A |   N/A | 100.0 |  28.5
               +-------+-------+-------+-------+-------+----------------------
